 Dungeon Crawl Stone Soup version 0.27-a0-1191-g601b473118 (webtiles) character file.

Game seed: 9137759411529909792

12152 rjrrt the Severer (level 11, -1/101 HPs)
             Began as a Minotaur Berserker on May 24, 2021.
             Was a High Priest of Trog.
             Slain by a cane toad (5 damage)
             ... while petrified by a basilisk
             ... on level 2 of the Lair of Beasts.
             The game lasted 00:19:56 (11120 turns).

rjrrt the Severer (Minotaur Berserker)             Turns: 11120, Time: 00:19:57

Health: -1/101     AC: 20    Str: 25    XL:     11   Next: 58%
Magic:  10/10      EV:  2    Int:  4    God:    Trog [*****.]
Gold:   605        SH:  0    Dex: 10    Spells: 10/10 levels left

rFire    + . .     SeeInvis .   a - +5 battleaxe (vorpal)
rCold    . . .     Faith    .   (shield currently unavailable)
rNeg     + + +     Spirit   .   i - +0 chain mail {rF+}
rPois    ∞         Reflect  .   B - +2 hat
rElec    .         Harm     .   A - +0 cloak
rCorr    +         Rampage  .   m - +2 pair of gloves
Will     .....                  h - +0 pair of boots
Stlth    ..........             E - amulet of regeneration
HPRegen  1.26/turn              t - ring of positive energy
MPRegen  0.12/turn              z - ring of resist corrosion

@: lethally poisoned (-1 -> -1), petrified
A: horns 2, retaliatory headbutt
a: Renounce Religion, Berserk, Trog's Hand, Brothers in Arms


You were on level 2 of the Lair of Beasts.
You worshipped Trog.
Trog was extremely pleased with you.
You visited 2 branches of the dungeon, and saw 11 of its levels.
You also visited: Sewer.

You collected 683 gold pieces.
You spent 78 gold pieces at shops.

Inventory:

Hand Weapons
 a - a +5 vorpal battleaxe (weapon)
 b - a +5 trident of freezing
Missiles
 l - 21 boomerangs (quivered)
 w - 4 throwing nets
Armour
 h - a +0 pair of boots (worn)
 i - a +0 chain mail of fire resistance (worn)
 m - a +2 pair of gloves (worn)
 y - +0 swamp dragon scales
 A - a +0 cloak (worn)
 B - a +2 hat (worn)
Jewellery
 t - a ring of positive energy (left hand)
 u - a ring of flight
 z - a ring of resist corrosion (right hand)
 E - an amulet of regeneration (around neck)
 G - a ring of ice
Wands
 g - a wand of polymorph (8)
 k - a wand of flame (25)
 F - a wand of iceblast (21)
Scrolls
 c - 2 scrolls of fog
 j - 6 scrolls of teleportation
 n - 2 scrolls of silence
 p - a scroll of enchant armour
 x - 4 scrolls of fear
 C - a scroll of magic mapping
Potions
 d - 5 potions of might
 e - 2 potions of curing
 f - 4 potions of cancellation
 o - 3 potions of haste
 q - 2 potions of attraction
 r - 7 potions of flight
 s - 3 potions of heal wounds
 v - 3 potions of resistance
 D - a potion of invisibility


   Skills:
 + Level 10.7 Fighting
 * Level 15.5 Axes
 + Level 10.4 Armour
 - Level 2.1 Dodging
 - Level 4.0 Evocations


You had 10 spell levels left.
You didn't know any spells.
Your spell library was empty.

Dungeon Overview and Level Annotations

Branches:
Dungeon (9/15)             Temple (0/1) D:7            Lair (2/6) D:8
  Sewer (visited)
  Swamp: Lair:2-4    Shoals: Lair:2-4     Snake: Lair:2-4    Spider: Lair:2-4
    Orc: D:9-12

Altars:
Sif Muna
The Shining One

Shops:
D:4 *   D:5 *   D:6 *


Innate Abilities, Weirdness & Mutations

You have a pair of horns on your head.
You reflexively headbutt those who attack you in melee.


Message History

The cane toad stings you but does no damage. x2
Your ogre hits the yak with a +0 giant club!!
The yak dies!
Trog accepts your kill. The basilisk gazes at you. The cane toad stings you!
* * * LOW HITPOINT WARNING * * *
The cane toad stings you but does no damage.
Your ogre hits the cane toad with a +0 giant club!!
The basilisk gazes at you. The cane toad stings you!
* * * LOW HITPOINT WARNING * * *
The cane toad stings you!
* * * LOW HITPOINT WARNING * * *
Your ogre hits the cane toad with a +0 giant club!!
The cane toad dies!
Trog accepts your kill.
The basilisk bites you but does no damage.
The cane toad stings you.
* * * LOW HITPOINT WARNING * * *
The basilisk bites you but does no damage.
The cane toad stings you but does no damage.
Your ogre barely misses the basilisk.
The cane toad stings you!
* * * LOW HITPOINT WARNING * * *
The basilisk bites you!
* * * LOW HITPOINT WARNING * * *
Your ogre hits the basilisk with a +0 giant club!!
The cane toad stings you!
* * * LOW HITPOINT WARNING * * *
The basilisk bites your ogre.
Your ogre misses the basilisk. The cane toad stings you.
Your ogre hits the basilisk with a +0 giant club!
The basilisk dies!
Trog accepts your kill. The cane toad stings you!
* * * LOW HITPOINT WARNING * * *
Your ogre hits the yak with a +0 giant club!!
The yak barely misses your ogre. The cane toad stings you!
You die...

.....#... .........
##......Y ##.....P.
##.#..... #.......# ##
##.......###.###.
#.....Y#F...#....##
#.....O@..........#....[
##.##...................
#...................
##...................
#.#.#.....(#...#.....
######.#...#.........
#.....#..).P#.#.
#.##......<.....
#####....###..#.


You could see a yak (ally target), a cane toad and a friendly ogre (summoned,
berserk).

Vanquished Creatures
  Gastronok (D:8)
  Fannar (Lair:1)
  A deep elf pyromancer (D:9)
  Pikel (D:7)
  2 black mambas
  Joseph (D:7)
  Maggie (D:7)
  The ghost of Zellion the Slasher, an amateur DgGl (D:3)
  A shadow (D:5)
  2 wraiths (D:9)
  A steam dragon (D:9)
  A wyvern (D:9)
  10 yaks
  Grum (D:8)
  2 basilisks
  6 water moccasins
  Purgy (Sewer)
  2 orc warriors
  An ice beast (D:5)
  2 black bears
  2 necrophages (D:5)
  A hornet zombie (D:6)
  4 ogres
  3 wolves (D:8)
  2 lemures (D:7)
  A kobold brigand (D:9)
  2 bullfrogs (Lair:2)
  2 gnoll sergeants
  2 wyvern zombies
  26 killer bees
  2 water moccasin skeletons
  A wight (D:5)
  2 howler monkeys
  An electric eel (D:6)
  2 centaur zombies
  A jelly (D:6)
  A bullfrog zombie (D:5)
  2 orc priests
  4 hounds (D:5)
  Terence (D:2)
  2 scorpion zombies (D:5)
  Natasha (thrice) (D:2)
  2 iguanas
  3 orc wizards
  A killer bee zombie (D:4)
  A hound skeleton (D:5)
  16 gnolls
  2 howler monkey skeletons (D:6)
  2 howler monkey zombies
  13 adders
  A shadow imp (D:6)
  2 white imps
  2 ufetubi (D:5)
  4 dart slugs
  27 orcs
  3 ball pythons
  6 endoplasms
  3 giant cockroaches (D:2)
  5 goblins
  4 hobgoblins
  9 jackals
  12 kobolds
  5 quokkas
  A bat (D:2)
  5 frilled lizards
  11 rats
246 creatures vanquished.

Vanquished Creatures (collateral kills)
  A cane toad (Lair:2)
  A yak (Lair:2)
  A basilisk (Lair:2)
3 creatures vanquished.

Vanquished Creatures (others)
  2 fungi
  6 plants
8 creatures vanquished.

Grand Total: 257 creatures vanquished

Notes
Turn   | Place    | Note
-------+----------+-------------------------------------------
     0 | D:1      | rjrrt the Minotaur Berserker began the quest for the Orb.
     0 | D:1      | Reached XP level 1. HP: 19/19 MP: 0/0
   103 | D:1      | Reached skill level 4 in Axes
   469 | D:1      | Reached XP level 2. HP: 25/26 MP: 1/1
   895 | D:2      | Noticed Natasha
   899 | D:2      | Noticed Terence
   904 | D:2      | Noticed a crimson imp
   904 | D:2      | Killed Natasha
   905 | D:2      | Reached skill level 5 in Axes
   905 | D:2      | Reached XP level 3. HP: 31/31 MP: 2/2
   910 | D:2      | Killed Terence
   911 | D:2      | Reached skill level 6 in Axes
   911 | D:2      | Reached XP level 4. HP: 39/39 MP: 3/3
  1192 | D:2      | Noticed Natasha
  1202 | D:2      | Killed Natasha
  1202 | D:2      | Reached ** piety under Trog
  1329 | D:2      | Noticed Natasha
  1340 | D:2      | Killed Natasha
  1341 | D:2      | Reached skill level 7 in Axes
  1341 | D:2      | Reached XP level 5. HP: 25/45 MP: 4/4
  1535 | D:2      | Reached skill level 1 in Evocations
  2463 | D:3      | Found a runed translucent door.
  2467 | D:3      | Noticed Zellion's ghost (amateur DgGl)
  2479 | D:3      | Reached XP level 6. HP: 44/51 MP: 5/5
  2502 | D:3      | Killed Zellion's ghost
  2503 | D:3      | Reached skill level 8 in Axes
  2756 | D:4      | Found Xefajuu's General Store.
  2765 | D:4      | Bought a scroll of fog for 22 gold pieces
  2822 | D:4      | Reached *** piety under Trog
  3124 | D:4      | Reached XP level 7. HP: 58/58 MP: 6/6
  3556 | D:5      | Entered Level 5 of the Dungeon
  3595 | D:5      | Reached skill level 9 in Axes
  3640 | D:5      | Found Cutixais's Commerce Corner.
  3681 | D:5      | Reached XP level 8. HP: 18/67 MP: 7/7
  3806 | D:5      | Reached skill level 5 in Fighting
  3941 | D:5      | Found a glowing drain.
  3951 | Sewer    | Entered a sewer
  3976 | Sewer    | Noticed Purgy
  3982 | Sewer    | Killed Purgy
  3983 | Sewer    | Reached skill level 10 in Axes
  4060 | Sewer    | Reached **** piety under Trog
  4246 | D:5      | Reached skill level 5 in Armour
  4619 | D:5      | Reached skill level 11 in Axes
  4619 | D:5      | Reached XP level 9. HP: 68/77 MP: 8/8
  4964 | D:6      | Found Vedoikh's Assorted Antiques.
  5163 | D:6      | Bought a scroll labelled QIEFFULITI for 28 gold pieces
  5163 | D:6      | Bought a scroll labelled QIEFFULITI for 28 gold pieces
  5602 | D:6      | Found a glowing golden altar of the Shining One.
  5886 | D:7      | Noticed Maggie
  5973 | D:7      | Killed Maggie
  5974 | D:7      | Reached skill level 12 in Axes
  6425 | D:7      | Found a staircase to the Ecumenical Temple.
  6425 | D:7      | Noticed Pikel
  6436 | D:7      | Killed Pikel
  6679 | D:7      | Noticed Joseph
  6699 | D:7      | Killed Joseph
  6700 | D:7      | Reached XP level 10. HP: 88/88 MP: 5/9
  7083 | D:8      | Reached skill level 13 in Axes
  7857 | D:8      | Noticed Gastronok
  7881 | D:8      | Killed Gastronok
  7960 | D:8      | Found a staircase to the Lair.
  8095 | D:8      | Reached ***** piety under Trog
  8252 | D:8      | Noticed Grum
  8262 | D:8      | Killed Grum
  8607 | D:9      | Reached skill level 14 in Axes
  9284 | D:9      | Noticed a deep elf pyromancer
  9291 | D:9      | Killed a deep elf pyromancer
  9292 | D:9      | Reached XP level 11. HP: 99/99 MP: 10/10
  9421 | D:9      | Received a gift from Trog
  9695 | D:9      | Reached skill level 10 in Fighting
  9918 | Lair:1   | Entered Level 1 of the Lair of Beasts
  9972 | Lair:1   | Reached skill level 15 in Axes
 10096 | Lair:1   | Found a shimmering blue altar of Sif Muna.
 10194 | Lair:1   | Reached skill level 10 in Armour
 10689 | Lair:1   | Noticed Fannar
 10699 | Lair:1   | Killed Fannar
 11117 | Lair:2   | HP: 5/101 [cane toad (5)]
 11120 | Lair:2   | Slain by a cane toad

Illustrated notes

Levels and vault maps discovered:
D:1:      sevenhm_arrival_forest_fort_large_4, layout_basic
D:2:      minmay_wonky_spiral, layout_rooms, uniq_natasha, uniq_terence
D:3:      layout_rooms, ebering_ghost_sewer_d
D:4:      layout_loops_ring, serial_shops, shop, kennysheep_generic_room_5
D:5:      cheibrodos_barr_body, layout_cave_pools, portal_sewer_entry_a,
          chequers_serial_rivers_large_a, nicolae_alphabet_shops,
          lightli_minifort
D:6:      layout_basic, old_standard_altar, serial_shops,
          nicolae_shop_overgrown_old_shop, minivault_14
D:7:      layout_rooms, minmay_temple_entry_mist, uniq_pikel, uniq_maggie,
          uniq_joseph
D:8:      layout_gridville, lair_entry_dummy, bh_walls_and_bars, uniq_grum,
          uniq_gastronok
D:9:      layout_irregular_city, minmay_quadrilaterals
Lair:1:   layout_cave_pods, basic_altar, uniq_fannar
Lair:2:   layout_misc_corridors, serial_bayou_shore_a

Skill      XL: |  1  2  3  4  5  6  7  8  9 10 11 |
---------------+----------------------------------+-----
Axes           | 4 5 6 7 8 9 11 12 14 15 | 15.5
Evocations     | 1 3 4 |  4.0
Fighting       | 4 6 8 9 10 | 10.7
Armour         | 3 5 7 9 10 | 10.4
Dodging        | |  2.1

Action                   |  1- 3 |  4- 6 |  7- 9 | 10-12 || total
-------------------------+-------+-------+-------+-------++-------
Melee: Hand axe          |    37 |   151 |       |       ||   188
       Headbutt          |     3 |    18 |    48 |    43 ||   112
       War axe           |       |    11 |   268 |       ||   279
       Broad axe         |       |       |     7 |   176 ||   183
       Battleaxe         |       |       |       |    77 ||    77
Invok: Berserk           |     1 |     2 |     6 |     4 ||    13
       Brothers in Arms  |       |       |       |     1 ||     1
Evoke: Wand              |       |       |     7 |       ||     7
  Use: Scroll            |       |    10 |    10 |     3 ||    23
       Potion            |       |       |       |     1 ||     1
Armor: Animal skin       |     7 |       |       |       ||     7
       Chain mail        |       |    71 |   190 |   190 ||   451
Dodge: Dodged            |    17 |    53 |   155 |   115 ||   340

Table legend: (Time is in decaauts)
 A = Elapsed time spent in this place.
 B = Non-inter-level travel time spent in this place.
 C = Inter-level travel time spent in this place.
 D = Time resting spent in this place.
 E = Time spent auto-exploring this place.
 F = Levels seen in this place.
 G = Mean time per level.
                   A        B        C        D        E       F      G
               +--------+--------+--------+--------+--------+-----+--------+
         Total |  11276 |  10876 |    400 |   1559 |   7042 |  12 |  939.7 |
       Dungeon |   9851 |   9480 |    371 |   1489 |   6021 |   9 | 1094.6 |
          Lair |   1208 |   1179 |     29 |     59 |    936 |   2 |  604.0 |
         Sewer |    216 |    216 |      0 |     10 |     85 |   1 |  216.0 |
               +--------+--------+--------+--------+--------+-----+--------+

Top non-repeatable levels by time:
     D:8: 1752 daAuts
     D:6: 1585 daAuts
     D:9: 1129 daAuts
     D:5: 1120 daAuts
  Lair:1: 1035 daAuts
     D:1: 942 daAuts
     D:2: 907 daAuts
     D:3: 904 daAuts
     D:4: 831 daAuts
     D:7: 677 daAuts
   Sewer: 216 daAuts
  Lair:2: 173 daAuts
